3AAA
ATHLETIC CLUB KC RESERVES @ ELLENBURG FIGHTING DACHSUNDS
08/01/2037
 
TOP OF THE 1ST
Athletic Club KC Reserves batting - Pitching for Ellenburg Fighting Dachsunds : RHP Benjamin Busto
Pitching: RHP Benjamin Busto
Batting: LHB Jason Ward 0-0: Swinging Strike
0-1: Foul Ball, location: 2F
0-2: Fly out, F7 (Flyball, 7S, EV 94.4 MPH)
Batting: LHB Kwang-chih Feng 0-0: Ball
1-0: Ground out 6-3 (Groundball, 6M, EV 90.6 MPH)
Batting: LHB Luis Miguel González 0-0: Fly out, F8 (Line Drive, 8RM, EV 96.9 MPH)
Top of the 1st over - 0 runs, 0 hits, 0 errors, 0 left on base; Athletic Club KC 0 - Ellenburg 0
BOTTOM OF THE 1ST
Ellenburg Fighting Dachsunds batting - Pitching for Athletic Club KC Reserves : LHP Roman Phansalker
Pitching: LHP Roman Phansalker
Batting: RHB Arvi Sutinen 0-0: Ball
1-0: Ball
2-0: Foul Ball, location: 2F
2-1: Ball
3-1: Base on Balls
Batting: RHB Steve Albright 0-0: Called Strike
0-1: Called Strike
0-2: Ball
1-2: Foul Ball, location: 2F
1-2: Ball
2-2: Foul Ball, location: 2F
2-2: SINGLE (Popup, 34D, EV 55.6 MPH)
Arvi Sutinen to second
Batting: LHB Louie Shufflebotham 0-0: Fielders Choice at 2nd, 6-4 (Groundball, 6, EV 105.6 MPH)
Arvi Sutinen to third
Batting: RHB Brett Callison 0-0: Called Strike
0-1: Ball
1-1: Foul Ball, location: 2F
1-2: Strikes out looking
Batting: LHB Dan Hines 0-0: Called Strike
0-1: Foul Ball, location: 2F
0-2: Ball
1-2: Strikes out swinging
Bottom of the 1st over - 0 runs, 1 hit, 0 errors, 2 left on base; Athletic Club KC 0 - Ellenburg 0
TOP OF THE 2ND
Athletic Club KC Reserves batting - Pitching for Ellenburg Fighting Dachsunds : RHP Benjamin Busto
Batting: RHB Francisco Vargas 0-0: Ground out 6-3 (Groundball, 6, EV 101.9 MPH)
Batting: RHB Jihan Tuah 0-0: Called Strike
0-1: Ball
1-1: Called Strike
1-2: Strikes out swinging passed ball, reaches first!
Batting: LHB Todd Baker 0-0: Fly out, F9 (Flyball, 9D, EV 91.2 MPH)
Batting: RHB Tasuku Goto 0-0: Fielders Choice at 2nd, 6-4 (Groundball, 6, EV 98.1 MPH)
Top of the 2nd over - 0 runs, 0 hits, 0 errors, 1 left on base; Athletic Club KC 0 - Ellenburg 0
BOTTOM OF THE 2ND
Ellenburg Fighting Dachsunds batting - Pitching for Athletic Club KC Reserves : LHP Roman Phansalker
Batting: RHB Sameen Shaw 0-0: Ball
1-0: Called Strike
1-1: Ball
2-1: Ball
3-1: Swinging Strike
3-2: Strikes out looking
Batting: SHB Yushua Harith 0-0: Ball
1-0: Ball
2-0: Called Strike
2-1: SINGLE (Flyball, 89M, EV 88.8 MPH)
Batting: RHB Al Grant 0-0: Foul Ball, location: 2F
0-1: Ball
1-1: Ball
2-1: Foul Ball, location: 2F
2-2: Foul Ball, location: 2F
2-2: Fly out, F9 (Flyball, 9D, EV 107.5 MPH)
Batting: LHB Larry Moore 0-0: Ball
1-0: Called Strike
1-1: Called Strike
1-2: Ball
2-2: DOUBLE (Line Drive, 78D, EV 98.1 MPH)
Yushua Harith to third
Runner from 3rd tries for Home, SAFE, no throw by LF
Batting: RHB Arvi Sutinen 0-0: Called Strike
0-1: Ball
1-1: Ball
2-1: Foul Ball, location: 2F
2-2: Ground out 5-3 (Groundball, 5L, EV 89.4 MPH)
Bottom of the 2nd over - 1 run, 2 hits, 0 errors, 1 left on base; Athletic Club KC 0 - Ellenburg 1
TOP OF THE 3RD
Athletic Club KC Reserves batting - Pitching for Ellenburg Fighting Dachsunds : RHP Benjamin Busto
Batting: RHB Bobby McFillin 0-0: Ball
1-0: Ball
2-0: SINGLE (Line Drive, 6M, EV 100.6 MPH)
Batting: RHB Gabriel Camparán 0-0: Ball
1-0: Fly out, F8 (Flyball, 8LS, EV 74.4 MPH)
Batting: LHB Jason Ward 0-0: Ball
1-0: Ball
2-0: Called Strike
2-1: Foul Ball, location: 2F
2-2: Ball
3-2: Hit by Pitch
Bobby McFillin to second
Batting: LHB Kwang-chih Feng 0-0: Ball
1-0: Called Strike
1-1: SINGLE (Groundball, 4MD, EV 101.2 MPH)
Bobby McFillin to third
Jason Ward to second
Batting: LHB Luis Miguel González 0-0: Foul Ball, location: 2F
0-1: Foul Ball, location: 2F
0-2: Foul Ball, location: 2F
0-2: SINGLE (Flyball, 78M, EV 94.4 MPH)
Bobby McFillin scores
Jason Ward to third
Kwang-chih Feng to second
Runner from 3rd tries for Home, SAFE, throw by CF to home
Batting: RHB Francisco Vargas 0-0: Called Strike
0-1: Fly out, F7 (Flyball, 7D, EV 100.0 MPH)
Batting: RHB Jihan Tuah 0-0: Ball
1-0: Ball
2-0: Called Strike
2-1: Swinging Strike
2-2: Fielders Choice at 2nd, 6-4 (Groundball, 6, EV 88.1 MPH)
Top of the 3rd over - 2 runs, 3 hits, 0 errors, 2 left on base; Athletic Club KC 2 - Ellenburg 1
BOTTOM OF THE 3RD
Ellenburg Fighting Dachsunds batting - Pitching for Athletic Club KC Reserves : LHP Roman Phansalker
Batting: RHB Steve Albright 0-0: Ball
1-0: Fly out, F5 (Line Drive, 5, EV 73.8 MPH)
Batting: LHB Louie Shufflebotham 0-0: Called Strike
0-1: Ball
1-1: Ball
2-1: Ball
3-1: Called Strike
3-2: Base on Balls
Batting: RHB Brett Callison 0-0: Foul Ball, location: 2F
0-1: Foul Ball, location: 2F
0-2: Foul Ball, location: 2F
0-2: Ball
1-2: Fly out, F7 (Flyball, 78M, EV 90.0 MPH)
Batting: LHB Dan Hines 0-0: Ball
1-0: Called Strike
1-1: Ground out 4-3 (Groundball, 4, EV 103.1 MPH)
Bottom of the 3rd over - 0 runs, 0 hits, 0 errors, 1 left on base; Athletic Club KC 2 - Ellenburg 1
TOP OF THE 4TH
Athletic Club KC Reserves batting - Pitching for Ellenburg Fighting Dachsunds : RHP Benjamin Busto
Batting: LHB Todd Baker 0-0: Foul Ball, location: 2F
0-1: Ground out 3-1 (Groundball, 3S, EV 82.5 MPH)
Batting: RHB Tasuku Goto 0-0: Called Strike
0-1: Fly out, F8 (Flyball, 8LD, EV 76.9 MPH)
Batting: RHB Bobby McFillin 0-0: Ball
1-0: Fly out, F9 (Line Drive, 9, EV 97.5 MPH)
Top of the 4th over - 0 runs, 0 hits, 0 errors, 0 left on base; Athletic Club KC 2 - Ellenburg 1
BOTTOM OF THE 4TH
Ellenburg Fighting Dachsunds batting - Pitching for Athletic Club KC Reserves : LHP Roman Phansalker
Batting: RHB Sameen Shaw 0-0: Foul Ball, location: 2F
0-1: Ball
1-1: Ball
2-1: Ball
3-1: Foul Ball, location: 2F
3-2: Base on Balls
Batting: SHB Yushua Harith 0-0: Ball
Sameen Shaw is caught stealing 2nd base 2-4
1-0: Fly out, F5 (Line Drive, 5, EV 65.0 MPH)
Batting: RHB Al Grant 0-0: Ground out 4-3 (Groundball, 4, EV 91.2 MPH)
Bottom of the 4th over - 0 runs, 0 hits, 0 errors, 0 left on base; Athletic Club KC 2 - Ellenburg 1
TOP OF THE 5TH
Athletic Club KC Reserves batting - Pitching for Ellenburg Fighting Dachsunds : RHP Benjamin Busto
Batting: RHB Gabriel Camparán 0-0: Fly out, F9 (Line Drive, 9, EV 108.1 MPH)
Batting: LHB Jason Ward 0-0: Foul Ball, location: 2F
0-1: Foul Ball, location: 2F
0-2: Ball
1-2: Fly out, F4 (Flyball, 4MD, EV 81.2 MPH)
Batting: LHB Kwang-chih Feng 0-0: Called Strike
0-1: Ball
1-1: Ball
2-1: Ball
3-1: Base on Balls
Batting: LHB Luis Miguel González 0-0: Ball
1-0: Ground out 4-3 (Groundball, 4, EV 85.0 MPH)
Top of the 5th over - 0 runs, 0 hits, 0 errors, 1 left on base; Athletic Club KC 2 - Ellenburg 1
BOTTOM OF THE 5TH
Ellenburg Fighting Dachsunds batting - Pitching for Athletic Club KC Reserves : LHP Roman Phansalker
Batting: LHB Larry Moore 0-0: Ball
1-0: Ball
2-0: Called Strike
2-1: Swinging Strike
2-2: Ball
3-2: SINGLE (Groundball, 34D, EV 98.8 MPH)
Batting: RHB Arvi Sutinen 0-0: Bunt missed!
0-1: Sac Bunt to 13S - play at first, batter OUT! 1-4
Larry Moore to second
Batting: RHB Steve Albright 0-0: Called Strike
0-1: Foul Ball, location: 2F
0-2: Ball
1-2: Foul Ball, location: 2F
1-2: Foul Ball, location: 2F
1-2: Ball
2-2: Ball
3-2: Base on Balls
Batting: LHB Louie Shufflebotham 0-0: Ball
1-0: Called Strike
1-1: Foul Ball, location: 2F
1-2: Ball
2-2: Foul Ball, location: 2F
2-2: Ball
3-2: Foul Ball, location: 2F
3-2: Fly out, F9 (Flyball, 9S, EV 93.1 MPH)
Batting: RHB Brett Callison 0-0: Ball
1-0: Foul Ball, location: 2F
1-1: Called Strike
1-2: Foul Ball, location: 2F
1-2: SINGLE (Line Drive, 78M, EV 104.4 MPH)
Larry Moore to third
Steve Albright to second
Runner from 3rd tries for Home, throw by LF and OUT! 7-2
Bottom of the 5th over - 0 runs, 2 hits, 0 errors, 2 left on base; Athletic Club KC 2 - Ellenburg 1
TOP OF THE 6TH
Athletic Club KC Reserves batting - Pitching for Ellenburg Fighting Dachsunds : RHP Benjamin Busto
Batting: RHB Francisco Vargas 0-0: Ball
1-0: SINGLE (Line Drive, 8RS, EV 102.5 MPH)
Batting: RHB Jihan Tuah 0-0: Reached on error, E7 (Flyball, 7S, EV 82.5 MPH)
Francisco Vargas to second
Batting: LHB Todd Baker 0-0: Foul Ball, location: 2F
0-1: Foul Ball, location: 2F
0-2: Ball
1-2: Ball
2-2: Foul Ball, location: 2F
2-2: Foul Ball, location: 2F
2-2: Ball
3-2: Foul Ball, location: 2F
3-2: Foul Ball, location: 2F
3-2: SINGLE (Flyball, 5D, EV 99.4 MPH)
Francisco Vargas to third
Jihan Tuah to second
Batting: RHB Tasuku Goto 0-0: SINGLE (Flyball, 8RS, EV 88.1 MPH)
Francisco Vargas scores
Jihan Tuah to third
Todd Baker to second
Runner from 3rd tries for Home, SAFE, throw by CF to home
Batting: RHB Bobby McFillin 0-0: Ball
1-0: Ball
2-0: Swinging Strike
2-1: Ball
3-1: Base on Balls
Todd Baker to third
Tasuku Goto to second
Batting: RHB Gabriel Camparán 0-0: Called Strike
0-1: SINGLE (Groundball, 34D, EV 106.9 MPH)
Todd Baker scores
Tasuku Goto to third
Bobby McFillin to second
Batting: LHB Jason Ward 0-0: SINGLE (Groundball, 34D, EV 106.2 MPH)
Tasuku Goto scores
Bobby McFillin to third
Gabriel Camparán to second
Batting: LHB Kwang-chih Feng 0-0: Fly out, F7 (Flyball, 78S, EV 85.0 MPH)
Batting: LHB Luis Miguel González 0-0: Ball
1-0: SINGLE (Groundball, 56, EV 99.4 MPH)
Bobby McFillin scores
Gabriel Camparán to third
Jason Ward to second
Runner from 3rd tries for Home, SAFE, throw by LF to home
Pitching: RHP Félix Santiago
Batting: RHB Francisco Vargas 0-0: Called Strike
0-1: Ball
1-1: Foul Ball, location: 2F
1-2: SINGLE (Line Drive, 9S, EV 99.4 MPH)
Jason Ward to third
Luis Miguel González to second
Batting: RHB Jihan Tuah 0-0: Ball
1-0: Foul Ball, location: 2F
1-1: Ball
2-1: GRAND SLAM HOME RUN (Flyball, 7D, EV 96.9 MPH), Distance : 406 ft
Batting: LHB Todd Baker 0-0: Called Strike
0-1: Ball
1-1: Ball
2-1: Ball
3-1: Called Strike
3-2: Fly out, F9 (Line Drive, 9, EV 91.2 MPH)
Batting: RHB Tasuku Goto 0-0: Ball
1-0: Ball
2-0: Ball
3-0: SINGLE (Groundball, 6MD, EV 100.0 MPH)
Batting: RHB Bobby McFillin 0-0: Foul Ball, location: 2F
0-1: Ball
1-1: Ball
2-1: Ball
3-1: Fly out, F7 (Flyball, 7S, EV 95.6 MPH)
Top of the 6th over - 10 runs, 9 hits, 1 error, 1 left on base; Athletic Club KC 12 - Ellenburg 1
BOTTOM OF THE 6TH
Ellenburg Fighting Dachsunds batting - Pitching for Athletic Club KC Reserves : LHP Roman Phansalker
Batting: LHB Dan Hines 0-0: SINGLE (Groundball, 56D, EV 110.6 MPH)
Batting: RHB Sameen Shaw 0-0: Ball
1-0: Foul Ball, location: 2F
1-1: Fly out, F9 (Flyball, 9, EV 88.8 MPH)
Batting: SHB Yushua Harith 0-0: Called Strike
0-1: Ball
1-1: Ball
2-1: SINGLE (Line Drive, 7S, EV 108.1 MPH)
Dan Hines to second
Batting: RHB Al Grant 0-0: Called Strike
0-1: Ball
1-1: Fly out, F9 (Flyball, 9S, EV 80.6 MPH)
Pitching: RHP Billy Fitzgerald Jr.
Batting: LHB Larry Moore 0-0: Ball
1-0: Foul Ball, location: 2F
1-1: Fielders Choice at 2nd, 5-4 (Groundball, 56, EV 103.1 MPH)
Bottom of the 6th over - 0 runs, 2 hits, 0 errors, 2 left on base; Athletic Club KC 12 - Ellenburg 1
TOP OF THE 7TH
Athletic Club KC Reserves batting - Pitching for Ellenburg Fighting Dachsunds : RHP Félix Santiago
Pinch Hitting: RHB David Lozano 0-0: Swinging Strike
0-1: Ball
1-1: Called Strike
1-2: Strikes out looking
Pinch Hitting: RHB Troy Whitehurst 0-0: Ground out 4-3 (Groundball, 4M, EV 91.2 MPH)
Batting: LHB Kwang-chih Feng 0-0: Ball
1-0: Foul Ball, location: 2F
1-1: Called Strike
1-2: Ball
2-2: DOUBLE (Line Drive, 7LS, EV 95.0 MPH)
Batting: LHB Luis Miguel González 0-0: Ball
1-0: Ball
2-0: Called Strike
2-1: 2-RUN HOME RUN (Flyball, 89XD, EV 91.9 MPH), Distance : 402 ft
Batting: RHB Francisco Vargas 0-0: Foul Ball, location: 2F
0-1: Called Strike
0-2: Ball
1-2: Fly out, F7 (Line Drive, 7S, EV 90.6 MPH)
Top of the 7th over - 2 runs, 2 hits, 0 errors, 0 left on base; Athletic Club KC 14 - Ellenburg 1
BOTTOM OF THE 7TH
Ellenburg Fighting Dachsunds batting - Pitching for Athletic Club KC Reserves : RHP Billy Fitzgerald Jr.
Now at 2B: David Lozano
Now in LF: Troy Whitehurst
Batting: RHB Arvi Sutinen 0-0: Called Strike
0-1: Ball
1-1: Ball
2-1: Swinging Strike
2-2: Foul Ball, location: 2F
2-2: Ball
3-2: Foul Ball, location: 2F
3-2: Foul Ball, location: 2F
3-2: Ground out 6-3 (Groundball, 6MD, EV 83.1 MPH)
Pinch Hitting: LHB Francisco Alfaro 0-0: Foul Ball, location: 2F
0-1: Ball
1-1: Ball
2-1: DOUBLE (Line Drive, 5D, EV 96.2 MPH)
Batting: LHB Louie Shufflebotham 0-0: Reached on error, E9 (Flyball, 9S, EV 92.5 MPH)
Francisco Alfaro to third
Pinch Hitting: RHB Francisco Agámez 0-0: Called Strike
0-1: Grounds into double play, 6-4-3 (Groundball, 56, EV 96.9 MPH)
Bottom of the 7th over - 0 runs, 1 hit, 1 error, 1 left on base; Athletic Club KC 14 - Ellenburg 1
TOP OF THE 8TH
Athletic Club KC Reserves batting - Pitching for Ellenburg Fighting Dachsunds : RHP Félix Santiago
Pitching: LHP Riley Evans
Now at SS: Francisco Alfaro
Now in CF: Francisco Agámez
Pinch Hitting: RHB Francisco Vigil 0-0: Ball
1-0: Swinging Strike
1-1: Swinging Strike
1-2: Ground out 6-3 (Groundball, 4M, EV 85.0 MPH)
Batting: LHB Todd Baker 0-0: Ball
1-0: Ball
2-0: Called Strike
2-1: Ground out 1-3 (Groundball, 15, EV 88.8 MPH)
Pinch Hitting: LHB León Guillén 0-0: Ball
1-0: Foul Ball, location: 2F
1-1: Ball
2-1: Fly out, F6 (Line Drive, 6, EV 71.9 MPH)
Top of the 8th over - 0 runs, 0 hits, 0 errors, 0 left on base; Athletic Club KC 14 - Ellenburg 1
BOTTOM OF THE 8TH
Ellenburg Fighting Dachsunds batting - Pitching for Athletic Club KC Reserves : RHP Billy Fitzgerald Jr.
Now at 1B: Francisco Vigil
Now at SS: León Guillén
Pinch Hitting: LHB Yataro Kodo 0-0: Ball
1-0: Ball
2-0: Ball
3-0: Called Strike
3-1: Base on Balls
Batting: RHB Sameen Shaw 0-0: Called Strike
0-1: Ball
1-1: Swinging Strike
1-2: Strikes out looking
Batting: SHB Yushua Harith 0-0: Foul Ball, location: 2F
0-1: Ball
1-1: Foul Ball, location: 2F
1-2: Foul Ball, location: 2F
1-2: Ball
2-2: Fielders Choice at 2nd, 4-6 (Groundball, 34, EV 79.4 MPH)
Batting: RHB Al Grant 0-0: Called Strike
0-1: Ball
1-1: Swinging Strike
1-2: Ball
2-2: SINGLE (Flyball, 89M, EV 88.1 MPH)
Yushua Harith to second
Batting: LHB Larry Moore 0-0: Ball
1-0: Called Strike
1-1: Fly out, F7 (Line Drive, 7, EV 89.4 MPH)
Bottom of the 8th over - 0 runs, 1 hit, 0 errors, 2 left on base; Athletic Club KC 14 - Ellenburg 1
TOP OF THE 9TH
Athletic Club KC Reserves batting - Pitching for Ellenburg Fighting Dachsunds : LHP Riley Evans
Now at 1B: Yataro Kodo
Pinch Hitting: SHB Tomás Solorzano 0-0: Fly out, F7 (Flyball, 7LM, EV 83.8 MPH)
Batting: RHB David Lozano 0-0: Called Strike
0-1: Foul Ball, location: 2F
0-2: Ball
1-2: Fly out, F8 (Flyball, 89M, EV 81.9 MPH)
Batting: RHB Troy Whitehurst 0-0: Ball
1-0: Ball
2-0: Fly out, F9 (Flyball, 9, EV 88.8 MPH)
Top of the 9th over - 0 runs, 0 hits, 0 errors, 0 left on base; Athletic Club KC 14 - Ellenburg 1
BOTTOM OF THE 9TH
Ellenburg Fighting Dachsunds batting - Pitching for Athletic Club KC Reserves : RHP Billy Fitzgerald Jr.
Now at C: Tomás Solorzano
Batting: RHB Arvi Sutinen 0-0: Ball
1-0: Ball
2-0: Called Strike
2-1: Ball
3-1: Ground out 6-3 (Groundball, 6, EV 104.4 MPH)
Batting: LHB Francisco Alfaro 0-0: Fly out, F9 (Flyball, 9S, EV 86.9 MPH)
Batting: LHB Louie Shufflebotham 0-0: Fly out, F9 (Line Drive, 9, EV 107.5 MPH)
Bottom of the 9th over - 0 runs, 0 hits, 0 errors, 0 left on base; Athletic Club KC 14 - Ellenburg 1
Thursday, January 23rd, 2020 - OOTP Baseball 20.8 Build 74